TKirby, neutral male human Monk -------------- #..f>....[....| ###|.@f.........| ----------- # |............| |.........| ### ---------.---- |.........| # # ########-.........| ------------- ### # # |.........| ------------ |...........| # # ### --.-)------ |..........| |...........-#### ## # # # |..........| ##......%.....| ------.-- ## ## |..{.......| # ------------- |.......| # |..........-#### |..<....| # |..........| |.......| # |..........| |........################## ------------ --------- # -.--|--.- ### |.......| # |.{.....| ##........| --------- TKirby the Novice Experience level: 5 Strength: 17 Dexterity: 14 Constitution: 10 Intelligence: 9 Wisdom: 14 Charisma: 11 Health: 0(47) Energy: 34(34) Def: 6 Gold: 628 Moves: 2684 Dungeon seed: H5Pmind09Rhcw-WR Game ID: TKirby_1505403396 Your Inventory: Coins $ - 628 gold pieces Weapons F - 6 blessed +1 darts Armor e - an uncursed +2 pair of leather gloves (being worn) n - an uncursed +1 robe (being worn) Comestibles f - 3 uncursed apples g - 6 uncursed oranges h - 4 uncursed fortune cookies A - 2 uncursed tripe rations Scrolls b - an uncursed scroll of charging i - 2 uncursed scrolls of magic mapping j - an uncursed scroll of enchant armor p - a blessed scroll of light q - a blessed scroll of enchant weapon v - an uncursed scroll of light B - 2 cursed scrolls of magic mapping Spellbooks a - a blessed spellbook of healing u - an uncursed spellbook of wizard lock D - an uncursed spellbook of identify Potions c - 3 uncursed potions of healing t - an uncursed potion of oil C - an uncursed potion of paralysis E - an uncursed potion of water Rings l - an uncursed ring of stealth Tools r - an uncursed sack s - an uncursed tallow candle (0:200) Gems y - an uncursed opal Spells and supernatural/magical abilities: Name Level Category Fail Memory h - healing 1 healing 0% 87% w - wizard lock 2 matter 54% 95% W - pray for help -- divine ? -- Your skills at the end: Fighting Skills martial arts [Basic] Weapon Skills Spellcasting Skills healing spells [Basic] Final Attributes: You were piously aligned. You were sleep resistant. You were poison resistant. You saw invisible. You were stealthy. You were fast. You are dead. Vanquished creatures: a leprechaun an orc mummy a wood nymph an orc shaman a rock piercer a yellow light a shrieker a gnome lord 2 floating eyes a kobold lord a werejackal 2 iguanas a coyote 2 hobbits a giant rat 3 cave spiders a yellow mold a green mold a gnome 3 jackals 2 foxes 2 kobolds 2 goblins 2 sewer rats 5 grid bugs 5 lichens 8 newts 53 creatures vanquished. Voluntary challenges: You were vegetarian. You had followed a strict vegan diet until turn 2440. You had been an atheist until turn 1831. You never hit with a wielded weapon. You read items or engraved 6 times, starting on turn 1542. You never genocided any monsters. You never polymorphed an object. You never changed form. You used no wishes. You never split a pudding. You never wrote Elbereth's name. You never violated your personal moral code. Dungeon overview: The Dungeons of Doom: levels 1 to 7 Level 1 a sink a long staircase Level 2 Level 3 an armor shop, a sink Level 4 a fountain Level 5 some fountains Level 6 an altar to Huan Ti, a fountain, a sink Level 7 <- You were here some fountains History has recorded: On T:1 you entered the Dungeons of Doom to retrieve the Amulet of Yendor! On T:203 you advanced to experience level 2. On T:583 you reached level 2 of The Dungeons of Doom. On T:631 you advanced to experience level 3. On T:946 you reached level 3 of The Dungeons of Doom. On T:1173 you reached level 4 of The Dungeons of Doom. On T:1430 you reached level 5 of The Dungeons of Doom. On T:1502 you advanced to experience level 4. On T:1813 you reached level 6 of The Dungeons of Doom. On T:2220 you advanced to experience level 5. On T:2445 you reached level 7 of The Dungeons of Doom. Score breakdown: Gold: 628 ( 9520 points) Experience: 5 levels (11141 points) Exploration: 7 levels ( 13.73%) (10392 points) Discoveries: 1 item ( 0.36%) ( 1792 points) Valuables value: (no points given unless you survive) Artifact value: 0 ( 0 points) Variety of kills: 27 monsters ( 7.09%) ( 7986 points) Turncount: 2684 turns ( -435 points) Survival: died (score multiplied by 80%) Total score: 32316 Latest messages: You hit the orc mummy. The orc mummy hits! You hit the orc mummy. The orc mummy misses. You miss the orc mummy. The orc mummy hits! You destroy the orc mummy! You see here a mummy wrapping. The jaguar hits! (2x) The jaguar misses. You hit the jaguar! The jaguar misses. The jaguar hits! The jaguar bites! You hit the jaguar! The jaguar hits! (2x) The jaguar bites! The jaguar hits! (2x) The jaguar bites! You hit the jaguar. The jaguar hits! (2x) The jaguar bites! You die... The sack is empty. Final status: Goodbye TKirby the Monk, killed by a jaguar... You died in The Dungeons of Doom on dungeon level 7 with 32316 points, and 628 pieces of gold, after 2684 moves. You were level 5 with a maximum of 47 hit points when you died.